 Dungeon Crawl Stone Soup version 0.30-a0-165-g1891117ce2 (webtiles) character file.

Game seed: 15224451949785613944

2162 spaghetti the Insei (level 9, 0/103 (105) HPs)
             Began as a Gnoll Reaver on Sept 28, 2022.
             Was a Priest of Makhleb.
             Killed by the air
             ... invoked by Gastronok
              (8 damage)
             ... on level 8 of the Dungeon.
             The game lasted 00:15:31 (9917 turns).

spaghetti the Insei (Gnoll Reaver)                  Turns: 9917, Time: 00:15:31

HP:   0/103 (105)   AC: 24    Str: 11      XL:     9   Next: 32%
MP:   19/19         EV:  2    Int: 16 (17) God:    Makhleb [***...]
Gold: 313           SH:  0    Dex: 11 (13) Spells: 15/21 levels left

rFire   . . .      SeeInvis .    k - +5 quarterstaff (chaos) {staff}
rCold   . . .      Faith    .    (shield currently unavailable)
rNeg    . . .      Spirit   .    (body armour currently unavailable)
rPois   +          Reflect  .    (helmet currently unavailable)
rElec   .          Harm     .    (cloak currently unavailable)
rCorr   .          Rampage  .    (gloves currently unavailable)
Will    .....      NoTele   +    (boots currently unavailable)
Stlth   +++.......               (no amulet)
HPRegen 0.27/turn                (no ring)
MPRegen 0.16/turn                (no ring)

@: mighty, tree-form, lightly drained
A: stationary, stasis, torment immunity, boosted hp, (fangs 1), strong nose,
distributed training, (iridescent scales 1), thin skeletal structure 1, sense
surroundings 1
a: Renounce Religion, Minor Destruction, Lesser Servant of Makhleb


You were on level 8 of the Dungeon.
You worshipped Makhleb.
Makhleb was most pleased with you.
You were a tree.
You visited 1 branch of the dungeon, and saw 8 of its levels.

You collected 630 gold pieces.
You spent 317 gold pieces at shops.


Innate Abilities, Weirdness & Mutations

You are a tree.
Your roots penetrate the ground, keeping you stationary.
You cannot be teleported.
You are immune to unholy pain and torment.
Your maximum health is greatly increased.
Your equipment is partially melded.
((You have very sharp teeth.))
Your uncanny sense of smell can sniff out nearby items.
Your experience applies equally to all skills.
((You are partially covered in iridescent scales. (AC +2)))
You have a somewhat thin skeletal structure. (Dex +2, Stealth+)
You passively map a small area around you.


   Skills:
 + Level 6.3 Fighting
 + Level 4.3 Short Blades
 + Level 4.3 Long Blades
 + Level 4.3 Axes
 + Level 4.3 Maces & Flails
 + Level 4.3 Polearms
 + Level 4.3 Staves
 + Level 4.3 Ranged Weapons
 + Level 4.3 Throwing
 + Level 4.3 Armour
 + Level 6.3 Dodging
 + Level 4.3 Stealth
 + Level 4.3 Shields
 + Level 7.9 Unarmed Combat
 + Level 6.6 Spellcasting
 + Level 6.6 Conjurations
 + Level 3.5 Hexes
 + Level 3.5 Summonings
 + Level 3.5 Necromancy
 + Level 3.5 Translocations
 + Level 3.5 Transmutations
 + Level 3.5 Fire Magic
 + Level 3.5 Ice Magic
 + Level 3.5 Air Magic
 + Level 3.5 Earth Magic
 + Level 3.5 Poison Magic
 + Level 4.7 Invocations
 + Level 4.3 Evocations


You had 15 spell levels left.
You knew the following spells:

 Your Spells              Type           Power      Damage    Failure   Level
a - Kiss of Death         Conj/Necr      84%        2d11      1%          1
b - Momentum Strike       Conj/Tloc      42%        3d9       2%          2
c - Hailstorm             Conj/Ice       21%        3d6       4%          3

Your spell library contained the following spells:

 Spells                   Type           Power      Damage    Failure   Level
 Animate Dead             Necr           16%        N/A       30%         4
 Leda's Liquefaction      Hex/Erth       8%         N/A       30%         4
 Alistair's Intoxication  Tmut/Pois      10%        N/A       63%         5
 Borgnjor's Vile Clutch   Necr/Erth      8%         N/A       63%         5
 Lee's Rapid Deconstruct  Erth           8%         3d8*      63%         5
 Eringya's Noxious Bog    Tmut/Pois      8%         N/A       99%         6
 Statue Form              Tmut/Erth      10%        N/A       99%         6
 Haunt                    Necr/Summ      8%         N/A       100%        7
 Infestation              Necr           8%         N/A       100%        8

Inventory:

Hand Weapons
 c - a +2 dagger of venom {short}
   (You took it off a kobold on level 1 of the Dungeon)
 k - a +5 quarterstaff of chaos (weapon) {staff}
   (You took it off Crazy Yiuf on level 3 of the Dungeon)
Missiles
 d - 89 stones {throwing}
 e - 2 boomerangs of dispersal {=f!fthrowing}
 f - 22 poisoned darts {throwing}
 h - 5 javelins {throwing}
Armour
 a - a +0 leather armour
 l - a +0 cloak
   (You took it off Crazy Yiuf on level 3 of the Dungeon)
 m - the +1 ring mail of Xedgh (melded) {Fly Dex+3}
   (You bought it in a shop on level 2 of the Dungeon)

   Dex:       It affects your dexterity (+3).
   Fly:       It grants you flight.
Jewellery
 j - a ring of willpower
   (You found it on level 2 of the Dungeon)
Wands
 q - a wand of digging (7)
   (You found it on level 6 of the Dungeon)
Scrolls
 b - a scroll of immolation {!r!r}
 g - 2 scrolls of butterflies
Potions
 n - a potion of mutation {!q}
 o - a potion of cancellation
 p - a potion of lignification {!q}

Dungeon Overview and Level Annotations

Branches:
Dungeon (8/15) Zot: 26938  Temple (0/1) D:5
   Lair: D:8-11

Altars:
Makhleb
Yredelemnul

Shops:
D:2 !:[=   D:5 :

Annotations:
D:8 Gastronok

* ,, * #..##.#
.#* , #. ...#*
.## , #.....#
..)## * * #..
..#,....# * *
#..../....... ,
,,
,#...#4#o.....
#..3.woFo...# *
*###...#♣#o# *
* ........4.# ,
###.#.#.### * *
##. #.#.# *
##.# *
#.#.#.####### ,
##.# *
##....#......#
##.#
...##.#.#####.#
* ##.# *
#.##.#.# * , *
.#.# #.##>#.#


You could see Gastronok (swift, weak, ally target), an orc warrior, a bullfrog,
2 orc priests, 2 friendly orange demons and a friendly smoke demon (summoned).


Message History

The orc warrior shouts!
The orc priest shouts!
You hear a loud, deep croak!
Gastronok makes a strange noise.
Gastronok bites you!
The bullfrog gives a loud, deep croak!
You are too injured to fight recklessly!
You are too injured to fight recklessly!
You are too injured to fight recklessly!
You are too injured to fight recklessly!
You are too injured to fight recklessly!
You are too injured to fight recklessly!
You are too injured to fight recklessly!
You are too injured to fight recklessly!
You are too injured to fight recklessly!
You are too injured to fight recklessly!
You are too injured to fight recklessly!
You are too injured to fight recklessly!
You are too injured to fight recklessly! 😕 HP[-8]
You take 8 damage, and now have 61/69 hp.
You are too injured to fight recklessly!
You are too injured to fight recklessly!
You are too injured to fight recklessly!
You are too injured to fight recklessly!
You are too injured to fight recklessly!
You are too injured to fight recklessly!
You are too injured to fight recklessly!
Unknown command.
You are too injured to fight recklessly!
You are too injured to fight recklessly!
You are too injured to fight recklessly!
You are too injured to fight recklessly!
You are too injured to fight recklessly!
You are too injured to fight recklessly!
You are too injured to fight recklessly!
Unknown command.
You hit Gastronok. You freeze Gastronok. You hit Gastronok.
Lightning courses through Gastronok! The orc hits you but does no damage.
Gastronok bites you!!
* * * LOW HITPOINT WARNING * * *
😨 HP[-34]
You take 34 damage, and now have 27/69 hp.
MASSIVE DAMAGE!! (PAUSE) Unknown command.
Okay, then.
Okay, then.
A demon appears!
You can no longer hurl Makhleb's greater destruction.
The orc closely misses you. 😨 HP[-4]
You take 4 damage, and now have 23/69 hp.
Unknown command.
Unknown command.
Unknown command.
A demon appears!
The orc completely misses you. Gastronok misses you.
Your orange demon stings the orc from afar!
The orc dies!
Makhleb accepts your kill. 😨 HP[-3]
You take 3 damage, and now have 20/69 hp.
Unknown command.
Unknown command.
Unknown command.
Unknown command.
Unknown command.
A demon appears! 😱 HP[-4]
You take 4 damage, and now have 16/69 hp.
Unknown command.
Unknown command.
Unknown command.
It was a potion of might.
You feel very mighty all of a sudden.
You take on a slight green cast.
Your orange demon barely misses Gastronok.
Your orange demon stings Gastronok!
Your orange demon hits Gastronok.
Gastronok looks weaker.
Unknown command.
Unknown command.
You sock Gastronok!
The orc priest invokes the aid of Beogh against you.
Beogh smites you!
* * * LOW HITPOINT WARNING * * *
The orc warrior hits you with a +0 hand axe.
* * * LOW HITPOINT WARNING * * *
Something hits your orange demon.
Your orange demon convulses.
Your orange demon stings Gastronok from afar! 😱 HP[-11]
You take 11 damage, and now have 5/69 hp.
Unknown command.
Unknown command.
Okay, then.
Okay, then.
Really quaff
p - 2 potions of lignification {!q}?
Really quaff the potion of lignification?
You turn into a tree.
The +1 ring mail of Xedgh {Fly Dex+3} melds into your body.
You float gracefully downwards.
Your roots penetrate the ground.
Gastronok waves his eye-stalks in wide circles.
The air twists around and strikes you!
You die...

Skill      XL: |  1  2  3  4  5  6  7  8  9 |
---------------+----------------------------+-----
Spellcasting   | 5 6 |  6.6
Invocations    | 1 2 3 4 |  4.7
Short Blades   | 1 2 3 4 |  4.3
Long Blades    | 1 2 3 4 |  4.3
Axes           | 1 2 3 4 |  4.3
Maces & Flails | 1 2 3 4 |  4.3
Polearms       | 1 2 3 4 |  4.3
Staves         | 1 2 3 4 |  4.3
Ranged Weapons | 1 2 3 4 |  4.3
Throwing       | 1 2 3 4 |  4.3
Armour         | 1 2 3 4 |  4.3
Stealth        | 1 2 3 4 |  4.3
Shields        | 1 2 3 4 |  4.3
Evocations     | 1 2 3 4 |  4.3
Hexes          | 1 2 3 |  3.5
Summonings     | 1 2 3 |  3.5
Necromancy     | 1 2 3 |  3.5
Translocations | 1 2 3 |  3.5
Transmutations | 1 2 3 |  3.5
Fire Magic     | 1 2 3 |  3.5
Ice Magic      | 1 2 3 |  3.5
Air Magic      | 1 2 3 |  3.5
Earth Magic    | 1 2 3 |  3.5
Poison Magic   | 1 2 3 |  3.5
Fighting       | 5 6 |  6.3
Dodging        | 5 6 |  6.3
Unarmed Combat | 7 |  7.9
Conjurations   | 6 |  6.6

Action                   |  1- 3 |  4- 6 |  7- 9 || total
-------------------------+-------+-------+-------++-------
Melee: Unarmed           |    45 |       |       ||    45
       Bite              |     8 |    18 |    21 ||    47
       Punch             |     5 |     9 |       ||    14
       Dagger            |    61 |    87 |       ||   148
       Quarterstaff      |       |    29 |   256 ||   285
Throw: Stone             |       |     2 |       ||     2
 Cast: Kiss of Death     |       |       |     4 ||     4
       Hailstorm         |       |       |     6 ||     6
       Momentum Strike   |       |       |     1 ||     1
Invok: Minor Destruction |       |     3 |       ||     3
       Lesser Servant of |       |       |     7 ||     7
  Use: Scroll            |       |     4 |     7 ||    11
       Potion            |       |     3 |     7 ||    10
 Stab: Sleeping          |       |       |     6 ||     6
Armor: Leather armour    |    25 |    23 |       ||    48
       Ring mail         |       |    22 |   118 ||   140
       Skin              |       |       |     2 ||     2
Dodge: Dodged            |    53 |    75 |   164 ||   292

Levels and vault maps discovered:
D:1:      saegor_arrival_fortress, layout_loops_ring,
          chequers_ecumenical_altar_simple, minmay_3d_cube
D:2:      layout_basic, serial_shops, nicolae_shop_window_shopping, shop_coins,
          nicolae_diamond_shop, nicolae_shop_hallway_plus
D:3:      layout_loops_ring, eino_tiny_chamber, uniq_terence, uniq_grinder,
          uniq_natasha, uniq_crazy_yiuf_cottage
D:4:      layout_gridville, serial_rivers, chequers_serial_rivers_large_a,
          chequers_serial_rivers_micro_a, chequers_serial_rivers_small_a,
          chequers_serial_rivers_micro_d, chequers_serial_rivers_marsh,
          st_stairs_4
D:5:      layout_loops_ring, minmay_temple_entry_stoned_glass,
          nicolae_stop_n_shop_2, patterned_corridor
D:6:      layout_loops_ring
D:7:      kennysheep_kobold_camp, layout_rooms, lemuel_zombie_altar_yredelemnul,
          serial_rivers, chequers_serial_rivers_small_b,
          chequers_serial_rivers_small_a, chequers_serial_rivers_micro_a,
          chequers_serial_rivers_micro_b, chequers_serial_rivers_micro_c,
          chequers_serial_rivers_room_a, lightli_minifort
D:8:      layout_loops_ring, gammafunk_ghost_smash, uniq_gastronok

Notes
Turn   | Place    | Note
-------+----------+-------------------------------------------
     0 | D:1      | spaghetti the Gnoll Reaver began the quest for the Orb.
     0 | D:1      | Reached XP level 1. HP: 20/20 MP: 6/6
     0 | D:1      | magus.rc [v1.9.6]
    52 | D:1      | Found a faded altar of an unknown god.
   120 | D:1      | Reached XP level 2. HP: 20/26 MP: 7/7
   146 | D:1      | Prayed at the altar of an unknown god.
   146 | D:1      | Became a worshipper of Makhleb the Destroyer
   146 | D:1      | Reached * piety under Makhleb
   416 | D:1      | Reached skill level 5 in Spellcasting
   416 | D:1      | Reached XP level 3. HP: 20/31 MP: 7/9
   839 | D:1      | Reached skill level 1 in Invocations
  1282 | D:2      | Found Sionk's Armour Emporium.
  1413 | D:2      | Reached ** piety under Makhleb
  1414 | D:2      | Reached skill level 1 in Short Blades
  1414 | D:2      | Reached skill level 1 in Long Blades
  1414 | D:2      | Reached skill level 1 in Axes
  1414 | D:2      | Reached skill level 1 in Maces & Flails
  1414 | D:2      | Reached skill level 1 in Polearms
  1414 | D:2      | Reached skill level 1 in Staves
  1414 | D:2      | Reached skill level 1 in Ranged Weapons
  1414 | D:2      | Reached skill level 1 in Throwing
  1414 | D:2      | Reached skill level 1 in Armour
  1414 | D:2      | Reached skill level 1 in Stealth
  1414 | D:2      | Reached skill level 1 in Shields
  1414 | D:2      | Reached skill level 1 in Evocations
  1438 | D:2      | Found Zeurch's Book Shoppe.
  1868 | D:2      | Reached XP level 4. HP: 38/38 MP: 11/11
  1882 | D:2      | Found Wadinim's Jewellery Shop.
  2344 | D:2      | Found Pacolei Ejuwk's Distillery.
  2362 | D:2      | Reached skill level 1 in Hexes
  2362 | D:2      | Reached skill level 1 in Summonings
  2362 | D:2      | Reached skill level 1 in Necromancy
  2362 | D:2      | Reached skill level 1 in Translocations
  2362 | D:2      | Reached skill level 1 in Transmutations
  2362 | D:2      | Reached skill level 1 in Fire Magic
  2362 | D:2      | Reached skill level 1 in Ice Magic
  2362 | D:2      | Reached skill level 1 in Air Magic
  2362 | D:2      | Reached skill level 1 in Earth Magic
  2362 | D:2      | Reached skill level 1 in Poison Magic
  2491 | D:3      | Noticed Terence
  2499 | D:3      | Killed Terence
  2605 | D:3      | Noticed Grinder
  2612 | D:3      | Reached XP level 5. HP: 41/43 MP: 12/12
  2615 | D:3      | Paralysed by Grinder for 4 turns
  2633 | D:3      | Gained mutation: You passively map a small area around you.
                  | [potion of mutation]
  2633 | D:3      | Gained mutation: You are partially covered in iridescent
                  | scales. (AC +2) [potion of mutation]
  2633 | D:3      | Gained mutation: You have a somewhat thin skeletal
                  | structure. (Dex +2, Stealth+) [potion of mutation]
  2637 | D:3      | HP: 3/43 [Grinder/nerve-wracking pain (14)]
  2640 | D:3      | Killed Grinder
  2641 | D:3      | Reached skill level 5 in Fighting
  2641 | D:3      | Reached skill level 2 in Short Blades
  2641 | D:3      | Reached skill level 2 in Long Blades
  2641 | D:3      | Reached skill level 2 in Axes
  2641 | D:3      | Reached skill level 2 in Maces & Flails
  2641 | D:3      | Reached skill level 2 in Polearms
  2641 | D:3      | Reached skill level 2 in Staves
  2641 | D:3      | Reached skill level 2 in Ranged Weapons
  2641 | D:3      | Reached skill level 2 in Throwing
  2641 | D:3      | Reached skill level 2 in Armour
  2641 | D:3      | Reached skill level 5 in Dodging
  2641 | D:3      | Reached skill level 2 in Stealth
  2641 | D:3      | Reached skill level 2 in Shields
  2641 | D:3      | Reached skill level 2 in Invocations
  2641 | D:3      | Reached skill level 2 in Evocations
  2641 | D:3      | Reached XP level 6. HP: 5/51 MP: 14/14
  3289 | D:3      | Noticed Natasha
  3306 | D:3      | Killed Natasha
  3448 | D:3      | Found a runed translucent door.
  3449 | D:3      | Noticed Crazy Yiuf
  3460 | D:3      | Killed Crazy Yiuf
  3646 | D:2      | Bought the +1 ring mail of Xedgh {Fly Dex+3} for 317 gold
                  | pieces
  3821 | D:4      | HP: 12/51 [orc/+0 morningstar (10)]
  3966 | D:4      | Reached skill level 7 in Unarmed Combat
  3966 | D:4      | Reached XP level 7. HP: 27/56 MP: 15/15
  4327 | D:4      | You pick up a book of the Earth and begin reading...
  4327 | D:4      | You add the spells Leda's Liquefaction, Lee's Rapid
                  | Deconstruction and Statue Form to your library.
  4531 | D:4      | HP: 13/56 [poisoned by a scorpion]
  4536 | D:4      | Reached skill level 2 in Hexes
  4536 | D:4      | Reached skill level 2 in Summonings
  4536 | D:4      | Reached skill level 2 in Necromancy
  4536 | D:4      | Reached skill level 2 in Translocations
  4536 | D:4      | Reached skill level 2 in Transmutations
  4536 | D:4      | Reached skill level 2 in Fire Magic
  4536 | D:4      | Reached skill level 2 in Ice Magic
  4536 | D:4      | Reached skill level 2 in Air Magic
  4536 | D:4      | Reached skill level 2 in Earth Magic
  4536 | D:4      | Reached skill level 2 in Poison Magic
  4536 | D:4      | HP: 6/56 [poisoned by a scorpion]
  4540 | D:4      | HP: 2/56 [poisoned by a scorpion]
  5144 | D:5      | Entered Level 5 of the Dungeon
  5173 | D:5      | Reached skill level 3 in Invocations
  5306 | D:5      | Found a staircase to the Ecumenical Temple.
  5314 | D:5      | Reached skill level 6 in Conjurations
  5325 | D:5      | Reached *** piety under Makhleb
  5339 | D:5      | HP: 13/56 [hound (3)]
  5345 | D:5      | Reached skill level 3 in Short Blades
  5345 | D:5      | Reached skill level 3 in Long Blades
  5345 | D:5      | Reached skill level 3 in Axes
  5345 | D:5      | Reached skill level 3 in Maces & Flails
  5345 | D:5      | Reached skill level 3 in Polearms
  5345 | D:5      | Reached skill level 3 in Staves
  5345 | D:5      | Reached skill level 3 in Ranged Weapons
  5345 | D:5      | Reached skill level 3 in Throwing
  5345 | D:5      | Reached skill level 3 in Armour
  5345 | D:5      | Reached skill level 3 in Stealth
  5345 | D:5      | Reached skill level 3 in Shields
  5345 | D:5      | Reached skill level 3 in Evocations
  5345 | D:5      | Reached XP level 8. HP: 14/63 MP: 16/16
  5618 | D:5      | Found Koschita's Book Shop.
  5701 | D:5      | HP: 14/63 [gnoll/+0 spear (3)]
  5908 | D:5      | Learned a level 2 spell: Momentum Strike
  5912 | D:5      | Learned a level 3 spell: Hailstorm
  6097 | D:5      | Reached skill level 6 in Spellcasting
  6590 | D:6      | HP: 14/59 [orc wizard/+0 dagger (1)]
  6595 | D:6      | HP: 10/61 [poisoned by an orc]
  7348 | D:6      | You add the spells Alistair's Intoxication, Borgnjor's Vile
                  | Clutch and Eringya's Noxious Bog to your library.
  7390 | D:6      | Reached skill level 3 in Hexes
  7390 | D:6      | Reached skill level 3 in Summonings
  7390 | D:6      | Reached skill level 3 in Necromancy
  7390 | D:6      | Reached skill level 3 in Translocations
  7390 | D:6      | Reached skill level 3 in Transmutations
  7390 | D:6      | Reached skill level 3 in Fire Magic
  7390 | D:6      | Reached skill level 3 in Ice Magic
  7390 | D:6      | Reached skill level 3 in Air Magic
  7390 | D:6      | Reached skill level 3 in Earth Magic
  7390 | D:6      | Reached skill level 3 in Poison Magic
  7390 | D:6      | Reached skill level 4 in Invocations
  7687 | D:7      | You pick up a book of Death and begin reading...
  7687 | D:7      | You add the spells Animate Dead, Haunt and Infestation to
                  | your library.
  7716 | D:7      | Reached skill level 6 in Fighting
  7716 | D:7      | Reached skill level 6 in Dodging
  7716 | D:7      | HP: 15/64 [gnoll/+0 spear[a gnoll bouda] (5)]
  8274 | D:7      | Reached XP level 9. HP: 35/48 MP: 14/18
  8425 | D:7      | Reached skill level 4 in Short Blades
  8425 | D:7      | Reached skill level 4 in Long Blades
  8425 | D:7      | Reached skill level 4 in Axes
  8425 | D:7      | Reached skill level 4 in Maces & Flails
  8425 | D:7      | Reached skill level 4 in Polearms
  8425 | D:7      | Reached skill level 4 in Staves
  8425 | D:7      | Reached skill level 4 in Ranged Weapons
  8425 | D:7      | Reached skill level 4 in Throwing
  8425 | D:7      | Reached skill level 4 in Armour
  8425 | D:7      | Reached skill level 4 in Stealth
  8425 | D:7      | Reached skill level 4 in Shields
  8425 | D:7      | Reached skill level 4 in Evocations
  8425 | D:7      | Found a basalt altar of Yredelemnul.
  8659 | D:7      | HP: 5/54 [orc warrior/+0 glaive (16)]
  8962 | D:7      | HP: 13/54 [orc wizard/+0 dagger (3)]
  9428 | D:7      | Reached **** piety under Makhleb
  9904 | D:8      | Noticed Gastronok
  9916 | D:8      | HP: 7/69 [orc priest/divine providence (9)]
  9917 | D:8      | Killed from afar by Gastronok

Vanquished Creatures
  Grinder (D:3)
  A black bear (D:4)
  A sky beast (D:7)
  3 ogres
  A phantom (D:7)
  A kobold brigand (D:7)
  A bullfrog (D:7)
  2 scorpions
  A wyvern zombie (D:7)
  A necrophage (D:5)
  A jelly (D:5)
  Crazy Yiuf (D:3)
  A gnoll bouda (D:7)
  7 hounds
  6 orc wizards
  3 iguanas
  Terence (D:3)
  Natasha (D:3)
  A killer bee zombie (D:7)
  8 adders
  8 gnolls
  2 shadow imps
  A white imp (D:6)
  A worm (D:4)
  4 dart slugs
  16 orcs
  8 ball pythons
  14 endoplasms
  4 giant cockroaches
  10 goblins
  7 hobgoblins
  29 kobolds
  A quokka (D:2)
  4 bats
  8 rats
160 creatures vanquished.

Vanquished Creatures (collateral kills)
  An orc warrior (D:7)
  An orc priest (D:6)
  An orc wizard (D:7)
  2 gnolls (D:7)
  5 orcs
10 creatures vanquished.

Vanquished Creatures (others)
  A fungus (D:3)
  7 plants (D:7)
8 creatures vanquished.

Grand Total: 178 creatures vanquished

Table legend:
 A = Non-vault XP
 B = Vault XP
 C = Vault XP percentage of total XP
 D = Non-vault monster count
 E = Vault monster count
 F = Vault count percentage of total count
                 A         B        C        D         E       F
            +---------+---------+-------+---------+---------+-------
      Total |    2223 |     866 |  28.0 |     132 |      38 |  22.4
            +---------+---------+-------+---------+---------+-------
        D:1 |      49 |       8 |  14.0 |      28 |       5 |  15.2
        D:2 |      61 |       0 |   0.0 |      22 |       0 |   0.0
        D:3 |      43 |     382 |  89.9 |       9 |       4 |  30.8
        D:4 |     364 |      16 |   4.2 |      18 |       2 |  10.0
        D:5 |     654 |       0 |   0.0 |      29 |       0 |   0.0
        D:6 |     438 |       0 |   0.0 |      11 |       0 |   0.0
        D:7 |     608 |     460 |  43.1 |      13 |      27 |  67.5
        D:8 |       6 |       0 |   0.0 |       2 |       0 |   0.0
            +---------+---------+-------+---------+---------+-------

Illustrated notes

Table legend:
 A = Kills in this place as a percentage of kills in entire the game.
 B = Kills by you in this place as a percentage of kills by you in the entire game.
 C = Kills by friends in this place as a percentage of kills by friends in the entire game.
 D = Other kills in this place as a percentage of other kills in the entire game.
 E = Experience gained in this place as a percentage of experience gained in the entire game.
 F = Experience gained in this place divided by the number of levels of this place that you have seen.
                   A       B       C       D       E      F
               +-------+-------+-------+-------+-------+----------------------
         Total | 100.0 | 100.0 | 100.0 | 100.0 | 100.0 | 386.1
       Dungeon | 100.0 | 100.0 | 100.0 | 100.0 | 100.0 | 386.1
               +-------+-------+-------+-------+-------+----------------------

Table legend: (Time is in decaauts)
 A = Elapsed time spent in this place.
 B = Non-inter-level travel time spent in this place.
 C = Inter-level travel time spent in this place.
 D = Time resting spent in this place.
 E = Time spent auto-exploring this place.
 F = Levels seen in this place.
 G = Mean time per level.
                   A        B        C        D        E       F      G
               +--------+--------+--------+--------+--------+-----+--------+
         Total |   9942 |   9597 |    345 |   1478 |   7001 |   8 | 1242.8 |
       Dungeon |   9942 |   9597 |    345 |   1478 |   7001 |   8 | 1242.8 |
               +--------+--------+--------+--------+--------+-----+--------+

Top non-repeatable levels by time:
     D:7: 1936 daAuts
     D:4: 1442 daAuts
     D:6: 1418 daAuts
     D:5: 1386 daAuts
     D:2: 1282 daAuts
     D:1: 1275 daAuts
     D:3: 1140 daAuts
     D:8: 60 daAuts
